 Dungeon Crawl Stone Soup version 0.31.0-11-ge490571c62 (webtiles) character file.

Game seed: 13644414798938677867

360 PaiMei the Grave Robber (level 6, -4/46 HPs)
             Began as a Demonspawn Necromancer on Jan 31, 2024.
             Blown up by Ijyb (10 damage)
             ... with a mindburst bolt
             ... on level 5 of the Dungeon.
             The game lasted 00:04:54 (4095 turns).

PaiMei the Grave Robber (Demonspawn Necromancer)    Turns: 4095, Time: 00:04:55

Health: -4/46      AC:  7    Str: 17    XL:     6   Next: 38%
Magic:  0/11       EV: 13    Int: 17    God:
Gold:   269        SH:  0    Dex: 14    Spells: 8/12 levels left

rFire   . . .        z - +2 whip "Jummy" {heavy, rN+ Will+ Str+3}
rCold   . . .        (no shield)
rNeg    + . .        a - +0 robe
rPois   .            (no helmet)
rElec   .            A - +0 cloak
rCorr   .            B - +0 pair of gloves
SInv    .            (no boots)
Will    +....        t - amulet of magic regeneration
Stlth   ++           o - +6 ring of strength
HPRegen 0.27/turn    (no ring)
MPRegen 0.64/turn

%: guardian spirit
@: no status effects
A: thin metallic scales 2, magic shield, magic regeneration
a: no special abilities


You were on level 5 of the Dungeon.
You visited 1 branch of the dungeon, and saw 5 of its levels.

You collected 269 gold pieces.

Inventory:

Hand Weapons
 c - a +0 dagger
 k - a +3 dagger
 p - a +1 short sword of venom
 z - the +2 whip "Jummy" (weapon) {heavy, rN+ Will+ Str+3}
   (You found it on level 4 of the Dungeon)

   Str+3:     It affects your strength (+3).
   rN+:       It protects you from negative energy.
   Will+:     It increases your willpower.
Missiles
 s - 9 poisoned darts (quivered)
Armour
 a - a +0 robe (worn)
 v - a scarf of shadows
 A - a +0 cloak (worn)
 B - a +0 pair of gloves (worn)
Jewellery
 o - a +6 ring of strength (left hand)
 t - an amulet of magic regeneration (around neck)
 x - a +6 ring of intelligence
Scrolls
 e - a scroll of fear {unknown}
 h - a scroll of noise {unknown}
 i - 4 scrolls of blinking {unknown}
 j - 5 scrolls of identify {unknown}
 l - 3 scrolls of immolation {unknown}
 n - a scroll of teleportation {unknown}
 u - a scroll of amnesia {unknown}
 w - a scroll of brand weapon {unknown}
 y - a scroll of acquirement {unknown}
Potions
 b - a potion of magic
 d - a potion of mutation {unknown}
 f - 2 potions of might {unknown}
 g - 2 potions of enlightenment {unknown}
 m - a potion of haste {unknown}
 q - a potion of resistance {unknown}
 r - 2 potions of attraction {unknown}


   Skills:
 + Level 2.5 Fighting
 + Level 3.4 Dodging
 - Level 2.2 Stealth
 + Level 3.5 Spellcasting
 + Level 5.7 Necromancy


You had 8 spell levels left.
You knew the following spells:

 Your Spells              Type           Power      Damage    Failure   Level
a - Necrotise             Necr           88%        1d8       1%          1
b - Vampiric Draining     Necr           22%        2d7       4%          3

Your spell library contained the following spells:

 Spells                   Type           Power      Damage    Failure   Level
 Cigotuvi's Dreadful Rot  Necr/Alch/Air  18%        N/A       12%         2
 Animate Dead             Necr           22%        N/A       16%         4
 Curse of Agony           Necr           22%        N/A       41%         5
 Tukima's Dance           Hex            3%         N/A       45%         3
 Ignite Poison            Fire/Alch      3%         N/A       86%         4
 Passage of Golubria      Tloc           3%         N/A       86%         4
 Freezing Cloud           Conj/Ice/Air   1%         6-21      99%         5
 Yara's Violent Unravell  Hex/Alch       1%         3d3       99%         5


Dungeon Overview and Level Annotations

Branches:
Dungeon (5/15)
 Temple: D:4-7

Altars:

Annotations:
D:5 Ijyb


Innate Abilities, Weirdness & Mutations

You are mostly covered in thin metallic scales. (AC +3)
When hurt, damage is shared between your health and your magic reserves.
You regenerate magic rapidly.


Message History

You hit the kobold brigand.
The kobold brigand is almost dead.
The kobold brigand barely misses you. Ijyb misses you.
Ijyb hits you with a +0 dagger.
* * * LOW HITPOINT WARNING * * *
The kobold brigand hits you with a +0 dagger.
* * * LOW HITPOINT WARNING * * *
Casting: Necrotise (safe; 1% risk of failure)
Confirm with . or Enter, or press ? or * to list all spells.
Aiming: Vampiric Draining (dangerous; 4% risk of failure)
Press: ? - help, Shift-Dir - straight line, f/p - kobold brigand
Aim: a kobold brigand, wielding a +0 dagger and quivering poisoned darts (almost dead)
You draw life force from the kobold brigand!
You kill the kobold brigand!
You feel life coursing into your body. Ijyb completely misses you.
Ijyb zaps a wand.
You resist with some effort.
Things that are here:
a +0 dagger; 7 poisoned darts
Casting: Vampiric Draining (dangerous; 4% risk of failure)
Confirm with . or Enter, or press ? or * to list all spells.
You don't have enough magic to cast this spell.
Casting: Vampiric Draining (dangerous; 4% risk of failure)
Confirm with . or Enter, or press ? or * to list all spells.
You don't have enough magic to cast this spell.
You closely miss Ijyb. Ijyb barely misses you.
Ijyb zaps a wand.
You resist with some effort.
Casting: Vampiric Draining (dangerous; 4% risk of failure)
Confirm with . or Enter, or press ? or * to list all spells.
You don't have enough magic to cast this spell.
You hit Ijyb.
Ijyb is moderately wounded.
Ijyb zaps a wand.
Your mind is blasted!
* * * LOW HITPOINT WARNING * * *
Casting: Vampiric Draining (dangerous; 4% risk of failure)
Confirm with . or Enter, or press ? or * to list all spells.
You don't have enough magic to cast this spell.
You hit Ijyb.
Ijyb is moderately wounded.
Ijyb barely misses you.
Ijyb zaps a wand.
Your mind is blasted!
You die...

## . . ### ##. #.####
.##..###..#.#####
......#:........#
......)..?......##
.....)g@...###.#.#.##
....).........<...).#
....................#
.......###.........##
......# ##.......##
...#.. #...[.....#
##.##. #..........# #
#. .............
..............


You could see Ijyb.

Vanquished Creatures
  A kobold brigand (D:5)
  A bullfrog (D:5)
  9 gnolls
  2 adders
  2 dart slugs (D:1)
  2 ribbon worms
  An orc (D:4)
  8 ball pythons
  3 endoplasms
  6 giant cockroaches
  3 hobgoblins
  2 jackals (D:2)
  9 kobolds
  5 quokkas
  12 bats
  7 frilled lizards
  6 goblins
  11 rats
90 creatures vanquished.

Vanquished Creatures (collateral kills)
  A ball python (D:3)
  A bat (D:3)
2 creatures vanquished.

Vanquished Creatures (others)
  A gnoll bouda (D:3)
1 creature vanquished.

Grand Total: 93 creatures vanquished

Notes
Turn   | Place    | Note
-------+----------+-------------------------------------------
     0 | D:1      | PaiMei the Demonspawn Necromancer began the quest for the
                  | Orb.
     0 | D:1      | Reached XP level 1. HP: 13/13 MP: 3/3
   159 | D:1      | Gained mutation: You regenerate magic rapidly. [demonic
                  | ancestry]
   159 | D:1      | Reached XP level 2. HP: 19/19 MP: 0/5
   615 | D:1      | Gained mutation: When hurt, damage is shared between your
                  | health and your magic reserves. [demonic ancestry]
   615 | D:1      | Reached XP level 3. HP: 24/24 MP: 1/6
   622 | D:1      | Learned a level 3 spell: Vampiric Draining
  2073 | D:3      | Gained mutation: You are partially covered in thin metallic
                  | scales. (AC +2) [demonic ancestry]
  2073 | D:3      | Reached XP level 4. HP: 31/31 MP: 6/8
  2404 | D:3      | Reached skill level 1 in Fighting
  2404 | D:3      | Reached skill level 5 in Necromancy
  3198 | D:3      | Gained mutation: You are mostly covered in thin metallic
                  | scales. (AC +3) [demonic ancestry]
  3198 | D:3      | Reached XP level 5. HP: 27/37 MP: 9/9
  3836 | D:4      | Identified the +2 whip "Jummy" {heavy, rN+ Will+ Str+3}
  4053 | D:5      | Entered Level 5 of the Dungeon
  4071 | D:5      | Noticed Ijyb
  4075 | D:5      | Reached XP level 6. HP: 41/44 MP: 4/11
  4095 | D:5      | Blown up by Ijyb

Illustrated notes

Levels and vault maps discovered:
D:1:      psy_arrival_fountain, layout_rooms, amcnicky_mini_corridor_feature,
          roderic_lattice_a, hangedman_abyss_or_decor_stabs
D:2:      layout_basic, minmay_misc_feat_four_crosses
D:3:      layout_loops_ring, grunt_decor_one_mirror, roderic_batcave
D:4:      layout_rooms
D:5:      layout_cave_pools, kennysheep_orc_sif_temple, dk_yredelemnul_ordeal,
          mainiacjoe_overflow_catch_the_wave, ebering_ghost_disaster_area,
          uniq_pikel, uniq_ijyb

Skill      XL: |  1  2  3  4  5 |
---------------+----------------+-----
Stealth        | 2 |  2.2
Dodging        | 2 3 |  3.4
Fighting       | 1 2 |  2.5
Necromancy     | 5 |  5.7
Spellcasting   | 3 |  3.5

Action                     |  1- 3 |  4- 6 || total
---------------------------+-------+-------++-------
  Melee: Unarmed           |     8 |       ||     8
         Short sword       |     9 |    23 ||    32
         Dagger            |     3 |       ||     3
         Whip              |       |    15 ||    15
   Cast: Necrotise         |    91 |    76 ||   167
         Vampiric Draining |       |     5 ||     5
 Armour: Robe              |    28 |    63 ||    91
  Dodge: Dodged            |    34 |    56 ||    90
